 Dungeon Crawl Stone Soup version 0.13-a0-2531-g2ad9301 (webtiles) character file.

290 Kae the Ruinous (level 5, -1/28 HPs)
             Began as a Tengu Fire Elementalist on July 26, 2013.
             Slain by a phantom (7 damage)
             ... on Level 3 of the Dungeon.
             The game lasted 00:04:40 (2677 turns).

Kae the Ruinous (Tengu Fire Elementalist)           Turns: 2677, Time: 00:04:41

HP  -1/28        AC  3     Str  8      XL: 5   Next: 67%
MP   5/11        EV 12     Int 16      God:
Gold 102         SH  0     Dex 15      Spells:  1 memorised,  7 levels left

Res.Fire  : . . .   See Invis. : .   l - +0 dagger
Res.Cold  : . . .   Warding    : .   a - +0 robe
Life Prot.: . . .   Conserve   : .   (no shield)
Res.Poison: .       Res.Corr.  : .   (helmet restricted)
Res.Elec. : .       Clarity    : .   f - +0 cloak
Sust.Abil.: . .     Spirit.Shd : .   (no gloves)
Res.Mut.  : .       Stasis     : .   (boots unavailable)
Res.Rott. : .       Flight     : .   (no amulet)
Saprovore : . . .                    (no ring)
                                     (no ring)

@: slightly resistant to hostile enchantments, fairly stealthy
A: able to fly, beak, talons 3
a: Fly


You were on level 3 of the Dungeon.
You were not hungry.

You visited 1 branch of the dungeon, and saw 3 of its levels.

You collected 82 gold pieces.

Inventory:

Hand weapons
 l - a +0,+0 dagger (weapon)
 C - a +1,+4 vampiric spear
Missiles
 o - 12 darts (quivered)
Armour
 a - a +0 robe (worn)
 f - a +0 cloak (worn)
Magical devices
 s - a wand of slowing (17)
 B - a wand of random effects (13) {unknown}
Comestibles
 c - 3 bread rations
 d - 30 strawberries
 j - an apple
 v - a choko
 x - a meat ration
 z - 2 chunks of giant frog flesh
Scrolls
 e - 2 scrolls of identify {unknown}
 h - 3 scrolls of enchant armour {unknown}
 n - 2 scrolls of remove curse {unknown}
 r - a scroll of blinking {unknown}
 u - a scroll of curse jewellery {unknown}
 w - 2 scrolls of teleportation {unknown}
 y - a scroll of noise {unknown}
Jewellery
 k - an uncursed ring of see invisible {unknown}
 p - an uncursed ring of ice {unknown}
 q - an uncursed ring of positive energy {unknown}
Potions
 g - 2 potions of agility {unknown}
 i - a potion of degeneration {unknown}
 m - a potion of might {unknown}
 t - 3 potions of curing {unknown}
 A - a potion of confusion {unknown}
Books
 b - a book of Flames

   Spells                             Type                      Level
   *Flame Tongue                      Conjuration/Fire             1
   Throw Flame                        Conjuration/Fire             2
   Conjure Flame                      Conjuration/Fire             3
   Inner Flame                        Hexes/Fire                   3
   Sticky Flame                       Conjuration/Fire             4
   Fireball                           Conjuration/Fire             5


   Skills:
 - Level 2.1 Dodging
 - Level 2.0 Stealth
 + Level 2.0 Spellcasting
 * Level 5.5 Conjurations
 + Level 4.3 Fire Magic


You had 7 spell levels left.
You knew the following spells:

 Your Spells              Type           Power        Failure   Level  Hunger
a - Flame Tongue          Conj/Fire      ###..        3%          1    #......


Dungeon Overview and Level Annotations

Branches:
Dungeon (3/27)

Altars:
Cheibriados
Sif Muna


Innate Abilities, Weirdness & Mutations

You can fly.
You have a beak for a mouth.
You have claws for feet.


Message History

Confirm with . or Enter, or press ? or * to list all spells.
You can't see any susceptible monsters within range! (Use Z to cast anyway.)
Casting: Flame Tongue
Confirm with . or Enter, or press ? or * to list all spells.
Aiming: Flame Tongue
Press: ? - help, Shift-Dir - straight line, f/p - phantom
Aim: a phantom (moderately damaged)
The flame hits the phantom.
The phantom is heavily damaged.
The phantom hits you.
* * * LOW HITPOINT WARNING * * *
The phantom barely misses you.
You are too injured to fight recklessly!
The phantom blinks!
The phantom hits you but does no damage.
There is an open door here.
You hit the phantom but do no damage. Your kick misses the phantom.
The phantom is heavily damaged.
The phantom hits you!
You die...

############
#..........# .
#........?.# ...
#..........# #....
#..........###.'.....
#.%........p@..#
#..).......#####
#..........#
##'######### #..###
##...# #####.######
#..........#
#..........#


You could see a phantom.

Vanquished Creatures
  A giant frog (D:3)
  Jessica (D:3)
  4 adders
  A giant mite (D:2)
  5 hobgoblins
  3 jackals (D:3)
  10 kobolds
  A quokka (D:2)
  4 bats
  4 giant cockroaches
  5 giant newts
  15 goblins
  5 rats (D:1)
59 creatures vanquished.

Notes
Turn   | Place    | Note
--------------------------------------------------------------
     0 | D:1      | Kae, the Tengu Fire Elementalist, began the quest for the Orb.
     0 | D:1      | Reached XP level 1. HP: 10/10 MP: 3/3
   178 | D:1      | Reached XP level 2. HP: 15/15 MP: 5/5
   804 | D:1      | Reached XP level 3. HP: 19/19 MP: 7/7
  1617 | D:2      | Reached skill level 4 in Conjurations
  1643 | D:2      | Found a snail-covered altar of Cheibriados.
  1652 | D:2      | Reached XP level 4. HP: 24/24 MP: 4/8
  1788 | D:2      | Found a deep blue altar of Sif Muna.
  2438 | D:3      | Noticed a giant frog
  2445 | D:3      | Killed a giant frog
  2445 | D:3      | Reached skill level 5 in Conjurations
  2445 | D:3      | Reached XP level 5. HP: 22/28 MP: 6/11
  2584 | D:3      | Noticed Jessica
  2593 | D:3      | Killed Jessica
  2621 | D:3      | Noticed a phantom
  2677 | D:3      | Slain by a phantom

Action                   |  1- 3 |  4- 6 || total
-------------------------+-------+-------++-------
Melee: Unarmed           |    11 |       ||    11
       Dagger            |    38 |    10 ||    48
 Cast: Flame Tongue      |    47 |    57 ||   104
 Stab: Sleeping          |     3 |       ||     3
